 Dungeon Crawl Stone Soup version 0.26-a0-540-g8a0c9464d7 (webtiles) character file.

Game seed: 17587147692994454219

1 vurker the Grave Robber (level 1, -6/10 HPs)
             Began as a Tengu Necromancer on Aug 22, 2020.
             Killed from afar by a dart slug (7 damage)
             ... with a slug dart
             ... on level 1 of the Dungeon.
             The game lasted 00:00:12 (163 turns).

vurker the Grave Robber (Tengu Necromancer)          Turns: 163, Time: 00:00:12

Health: -6/10      AC:  2    Str:  8    XL:     1   Next: 20%
Magic:  1/4        EV: 12    Int: 15    God:
Gold:   19         SH:  0    Dex: 14    Spells: 3/4 levels left

rFire    . . .     SeeInvis .   (no weapon)
rCold    . . .     Faith    .   (no shield)
rNeg     . . .     Spirit   .   a - +0 robe
rPois    .         Reflect  .   (helmet restricted)
rElec    .         Harm     .   (no cloak)
rCorr    .                      (no gloves)
MR       .....                  (boots unavailable)
Stlth    ++........             (no amulet)
HPRegen  0.03/turn              (no ring)
MPRegen  0.09/turn              (no ring)

@: no status effects
A: beak, talons 3
a: no special abilities


You were on level 1 of the Dungeon.
You visited 1 branch of the dungeon, and saw 1 of its levels.

You collected 19 gold pieces.

Inventory:

Armour
 a - a +0 robe (worn)
Scrolls
 b - a scroll of enchant weapon {unknown}
 c - a scroll of identify {unknown}


   Skills:
 + Level 0.0 Fighting
 - Level 2.1 Dodging
 - Level 2.0 Stealth
 * Level 2.0 Spellcasting
 * Level 4.4 Necromancy


You had 3 spell levels left.
You knew the following spells:

 Your Spells              Type           Power        Failure   Level
a - Pain                  Necr           ##..         3%          1

Your spell library contained the following spells:

 Spells                   Type           Power        Failure   Level
 Animate Skeleton         Necr           ##....       3%          1
 Vampiric Draining        Necr           ##........   11%         3
 Animate Dead             Necr           ##........   34%         4
 Agony                    Necr           ##......     69%         5


Dungeon Overview and Level Annotations

Branches:
Dungeon (1/15)

Altars:


Innate Abilities, Weirdness & Mutations

You have a beak for a mouth.
You have claws for feet.


Message History

Options error: Bad channel -- pray (~/.crawlrc:4159) Options error: Bad channel -- food (~/.crawlrc:4162) Welcome, vurker the Tengu Necromancer.
Will you prevail where others failed? Will you find the Orb of Zot?
Found two stairs.
You open the door.
There is an open door here.
Found 5 gold pieces.
Found 25 arrows.
No target in view!
No target in view!
You now have 5 gold pieces.
You open the door.
Found a scroll labeled JAAKOI WIRGH.
Found a scroll labeled CUSCHU JAOLUST and a robe.
b - a scroll labeled JAAKOI WIRGH
c - a scroll labeled CUSCHU JAOLUST You open the door.
Found 2 gold pieces.
You now have 7 gold pieces (gained 2).
Found 12 gold pieces.
You now have 19 gold pieces (gained 12).
Found 12 stones.
You see here 12 stones.
A giant cockroach comes into view.
A giant cockroach is nearby!
A giant cockroach is nearby!
A giant cockroach is nearby!
A dart slug comes into view.
Found 23 sling bullets.
Aim: a giant cockroach (chance to defeat MR: 85%)
The giant cockroach writhes in agony.
You kill the giant cockroach!
The dart slug launches a dart at you. The slug dart hits you!
Ouch! That really hurt!
* * * LOW HITPOINT WARNING * * *
You are too injured to fight recklessly!
Aim: a dart slug (chance to defeat MR: 85%)
The dart slug writhes in agony.
The dart slug closely misses you.
Aim: a dart slug (moderately wounded, chance to defeat MR: 85%)
The dart slug writhes in agony.
The dart slug launches a dart at you. The slug dart hits you!
Ouch! That really hurt!
You die...

....# .##.##. ..[.###
...... # ....#.# #...
.#
......#######.######.#
....#.#.............(.
......#(####.......#
#####.#.####.......#
#.#...##.......#
#.#.#.##....@w.#
#.###.##.......#
#.#...##.......#
#.##.###.......#
#....# #.......#
###### #####.### #.#
#..


You could see a dart slug.

Vanquished Creatures
  A giant cockroach (D:1)
1 creature vanquished.

Notes
Turn   | Place    | Note
-------+----------+-------------------------------------------
     0 | D:1      | vurker the Tengu Necromancer began the quest for the Orb.
     0 | D:1      | Reached XP level 1. HP: 10/10 MP: 4/4
   163 | D:1      | Killed from afar by a dart slug

Illustrated notes

Levels and vault maps discovered:
D:1:      minmay_arrival_up_and_down, layout_basic, grunt_decor_fettered,
          kennysheep_minor_cross, minmay_misc_feat_ornament

Action                   || total
-------------------------++-------
 Cast: Pain              ||     3
Dodge: Dodged            ||     1

Table legend: (Time is in decaauts)
 A = Elapsed time spent in this place.
 B = Non-inter-level travel time spent in this place.
 C = Inter-level travel time spent in this place.
 D = Time resting spent in this place.
 E = Time spent auto-exploring this place.
 F = Levels seen in this place.
 G = Mean time per level.
                   A        B        C        D        E       F      G
               +--------+--------+--------+--------+--------+-----+--------+
         Total |    163 |    163 |      0 |      0 |    149 |   1 |  163.0 |
       Dungeon |    163 |    163 |      0 |      0 |    149 |   1 |  163.0 |
               +--------+--------+--------+--------+--------+-----+--------+

Top non-repeatable levels by time:
     D:1: 163 daAuts
